 Dungeon Crawl Stone Soup version 0.27.1-33-g824d729ab1 (webtiles) character file.

Game seed: 13488250753009136847

1 Destapler the Chucker (level 1, 0/22 HPs)
             Began as an Ogre Hunter on Dec 27, 2021.
             Slain by a goblin (1 damage)
             ... on level 1 of the Dungeon.
             The game lasted 00:00:46 (79 turns).

Destapler the Chucker (Ogre Hunter)                   Turns: 79, Time: 00:00:47

Health: 0/22       AC:  3    Str: 15    XL:     1   Next: 20%
Magic:  1/1        EV:  9    Int: 12    God:
Gold:   0          SH:  0    Dex:  9    Spells: 0/0 levels left

rFire    . . .     SeeInvis .   a - +0 short sword
rCold    . . .     Faith    .   (no shield)
rNeg     . . .     Spirit   .   b - +0 robe
rPois    .         Reflect  .   (helmet restricted)
rElec    .         Harm     .   (no cloak)
rCorr    .         Rampage  .   (gloves unavailable)
Will     .....                  (boots unavailable)
Stlth    +.........             (no amulet)
HPRegen  0.07/turn              (no ring)
MPRegen  0.07/turn              (no ring)

@: no status effects
A: large, unfitting armour, tough skin 1
a: no special abilities


You were on level 1 of the Dungeon.
You visited 1 branch of the dungeon, and saw 1 of its levels.

Inventory:

Hand Weapons
 a - a +0 short sword (weapon)
Missiles
 c - 2 large rocks (quivered)
 d - 2 throwing nets
Armour
 b - a +0 robe (worn)
Potions
 e - a potion of mutation {unknown}
 f - a potion of curing {unknown}


   Skills:
 + Level 2.7 Fighting
 + Level 4.0 Throwing
 + Level 0.0 Armour
 + Level 1.7 Dodging
 + Level 0.6 Stealth
 + Level 0.1 Shields
 + Level 0.0 Invocations
 + Level 0.0 Evocations


You couldn't memorise any spells.
You didn't know any spells.
Your spell library was empty.

Dungeon Overview and Level Annotations

Branches:
Dungeon (1/15)

Altars:


Innate Abilities, Weirdness & Mutations

You are too large for most types of armour.
You have tough skin. (AC +1)


Message History

An endoplasm is nearby!
You hit the endoplasm.
You kill the endoplasm!
No target in view!
f - a coppery potion You open the door.
A goblin comes into view. It is wielding a +1 dagger of speed.
There is an open door here.
The goblin shouts!
You hear an angry hiss.
The goblin hits you with a +1 dagger of speed.
You closely miss the goblin.
The goblin hits you with a +1 dagger of speed.
You closely miss the goblin.
The goblin hits you with a +1 dagger of speed. x2
You closely miss the goblin.
The goblin hits you with a +1 dagger of speed. x2
You barely miss the goblin.
The goblin hits you with a +1 dagger of speed.
* * * LOW HITPOINT WARNING * * *
You throw a large rock.
The large rock barely misses the goblin.
The goblin completely misses you.
The goblin hits you but does no damage. x2
You throw a large rock.
The large rock completely misses the goblin.
The goblin hits you with a +1 dagger of speed.
* * * LOW HITPOINT WARNING * * *
The goblin hits you with a +1 dagger of speed.
* * * LOW HITPOINT WARNING * * *
The goblin hits you with a +1 dagger of speed.
* * * LOW HITPOINT WARNING * * *
A frilled lizard comes into view.
You are too injured to fight recklessly!
Throw: 3 large rocks
Press: ? - help, Q - select action, (/) - cycle Shift-Dir - straight line, f - frilled lizard, p - goblin
Aim: a frilled lizard (wandering, hasn't noticed you, 38% to hit)
You throw a large rock.
The large rock barely misses the goblin.
The large rock closely misses the frilled lizard.
The goblin hits you with a +1 dagger of speed.
You die...

# ##..#.#.#
##...#.#.#
#....#.#.#
###....#.#.#
####......#.#.#
##...###..#.#.#
..#### #....#.#
###
#.#....######l#
..#
#.#....'.@g..(#
#...#
#.#....########
... #.###### ..
#.# . .. .#


You could see a goblin and a frilled lizard.

Vanquished Creatures
  An endoplasm (D:1)
1 creature vanquished.

Notes
Turn   | Place    | Note
-------+----------+-------------------------------------------
     0 | D:1      | Destapler the Ogre Hunter began the quest for the Orb.
     0 | D:1      | Reached XP level 1. HP: 22/22 MP: 1/1
    78 | D:1      | HP: 1/22 [goblin (2)]
    79 | D:1      | Slain by a goblin

Illustrated notes

Levels and vault maps discovered:
D:1:      dpeg_arrival_arbitrary_a, layout_basic

Action                   || total
-------------------------++-------
Melee: Short sword       ||     5
Throw: Large rock        ||     3
Armor: Robe              ||     2
Dodge: Dodged            ||     1
